 Dungeon Crawl Stone Soup version 0.19.0-2-gae57169 (webtiles) character file.

115831 Mesmaeker13 the Spry (level 16, -2/133 HPs)
             Began as a Merfolk Summoner on Nov 3, 2016.
             Was the Champion of Ashenzari.
             Killed by angry trees
             ... awakened by a spriggan druid
              (10 damage)
             ... on level 3 of the Swamp.
             The game lasted 02:22:36 (39599 turns).

Mesmaeker13 the Spry (Merfolk Summoner)            Turns: 39599, Time: 02:22:38

Health: -2/133     AC: 16    Str: 20    XL:     16   Next: 69%
Magic:  0/22       EV: 29    Int: 18    God:    Ashenzari [******]
Gold:   2645       SH:  0    Dex: 17    Spells: 6 memorised, 1 level left

rFire  + . .     SeeInvis +     D - +8 spear of Zetyshro {venom, rC+ Str+4 Int+2}
rCold  + + .     Gourm    .     W - +2 ring mail {rPois} (curse)
rNeg   . . .     Faith    .     (no shield)
rPois  +         Spirit   +     x - +2 helmet {SInv} (curse)
rElec  .         Reflect  .     g - +0 cloak
rCorr  .         Harm     .     u - +0 pair of gloves "Ivavvuch" {+Fly rPois MR+ Dex+2} (curse)
MR     +++..     Clarity  +     (boots currently unavailable)
Stlth  ++........               y - amulet of guardian spirit
                                f - +3 ring of strength
                                H - ring of protection from cold

@: drained, very quick
A: change form in water, swift swim, stealthy swim, clarity, fire resistance 1,
magic resistance 1
a: Curse Item, Scrying, Transfer Knowledge, Renounce Religion, Evoke Flight


You were on level 3 of the Swamp.
You worshipped Ashenzari.
Ashenzari was exalted by your worship.
You were not hungry.

You visited 5 branches of the dungeon, and saw 28 of its levels.

You collected 3308 gold pieces.
You spent 663 gold pieces at shops.

Inventory:

Hand Weapons
 D - the +8 spear of Zetyshro (weapon) {venom, rC+ Str+4 Int+2}
   (You found it on level 8 of the Dungeon)

   It poisons the flesh of those it strikes.
   It affects your strength (+4).
   It affects your intelligence (+2).
   It protects you from cold.
 N - a +9 trident
Missiles
 v - a throwing net (quivered)
Armour
 g - a +0 cloak (worn)
 u - the cursed +0 pair of gloves "Ivavvuch" (worn) {+Fly rPois MR+ Dex+2}
   (You bought it in a shop on level 2 of the Orcish Mines)

   It affects your dexterity (+2).
   It protects you from poison.
   It affects your resistance to hostile enchantments.
   It lets you fly.
   It has a curse placed upon it.
 x - a cursed +2 helmet of see invisible (worn)
 C - a +0 pair of boots (melded)
 E - +0 swamp dragon scales
 W - a cursed +2 ring mail of poison resistance (worn)
Magical Staves
 k - an uncursed staff of cold
Jewellery
 b - a cursed ring of positive energy
 f - a +3 ring of strength (right hand)
 s - an uncursed ring of wizardry
 y - an amulet of guardian spirit (around neck)
 G - an uncursed amulet of magic regeneration
 H - a ring of protection from cold (left hand)
 M - an uncursed amulet of the gourmand
Wands
 F - a wand of confusion (24/48)
 K - a wand of teleportation (4/9)
 T - a wand of digging (8/24)
Scrolls
 e - 2 scrolls of enchant weapon
 h - 10 scrolls of remove curse
 j - 3 scrolls of fog
 n - a scroll of holy word
 p - 5 scrolls of teleportation
 t - a scroll of identify
 z - 4 scrolls of recharging
 A - 3 scrolls of magic mapping
Potions
 d - 3 potions of flight
 m - 2 potions of mutation
 r - 2 potions of brilliance
 w - a potion of cure mutation
 B - 4 potions of haste
 R - a potion of magic
Books
 l - a Grand Grimoire

   Spells                             Type                      Level
   a - Monstrous Menagerie            Summoning                    7
   b - Summon Greater Demon           Summoning                    7
   c - Malign Gateway                 Summoning/Translocation      7
   d - Summon Horrible Things         Summoning                    8
 o - a book of Battle

   Spells                             Type                      Level
   a - Infusion                       Charms                       1
   b - Shroud of Golubria             Charms/Translocation         2
   c - Song of Slaying                Charms                       2
   d - Spectral Weapon                Hexes/Charms                 3
   e - Regeneration                   Charms/Necromancy            3
 q - a book of Dreams

   Spells                             Type                      Level
   a - Ensorcelled Hibernation        Hexes/Ice                    2
   b - Silence                        Hexes/Air                    5
   c - Darkness                       Hexes                        6
   d - Shadow Creatures               Summoning                    6
 I - a book of Misfortune

   Spells                             Type                      Level
   a - Confusing Touch                Hexes                        1
   b - Confuse                        Hexes                        3
   c - Gell's Gravitas                Hexes/Translocation          3
   d - Petrify                        Transmutation/Earth          4
   e - Metabolic Englaciation         Hexes/Ice                    5
   f - Yara's Violent Unravelling     Hexes/Transmutation          5
Comestibles
 a - a slice of pizza
 c - 11 bread rations
 i - 2 meat rations


   Skills:
 - Level 14.0(13.6) Fighting
 + Level 12.6(12.1) Polearms
 - Level 9.9(12.3) Armour
 + Level 15.0(17.0) Dodging
 - Level 2.1(1.8) Stealth
 - Level 4.0(3.6) Spellcasting
 + Level 14.3(13.8) Summonings
 - Level 9.0(8.6) Ice Magic
 - Level 6.2(5.8) Air Magic


You had one spell level left.
You knew the following spells:

 Your Spells              Type           Power        Failure   Level  Hunger
a - Summon Lightning Spi  Summ/Air       #####...     4%          4    ####...
b - Call Imp              Summ           ######..     1%          2    ##.....
c - Call Canine Familiar  Summ           ######..     1%          3    ###....
d - Summon Ice Beast      Ice/Summ       #####...     1%          4    ####...
e - Summon Guardian Gole  Hex/Summ       ####....     4%          3    ###....
f - Shadow Creatures      Summ           N/A          14%         6    #######


Dungeon Overview and Level Annotations

Branches:
Dungeon (15/15)            Temple (1/1) D:5            Lair (6/6) D:9
  Swamp (4/4) Lair:2        Snake (0/4) Lair:4        Slime (0/5) Lair:6
    Orc (2/2) D:9             Elf (0/3) Orc:2        Vaults (0/5) D:13
 Depths (0/5) D:15

Altars:
Ashenzari
Cheibriados
Dithmenos
Elyvilon
Fedhas
Gozag
Hepliaklqana
Kikubaaqudgha
Makhleb
Nemelex Xobeh
Okawaru
Qazlal
Ru
Sif Muna
Trog
Uskayaw
Vehumet
Xom
Yredelemnul
Zin
The Shining One
Beogh

Shops:
D:4 (   Orc:1 (   Orc:2 *([[:

Portals:
Trove: D:15 (give 15 scrolls of teleportation)

Annotations:
D:5 Prince Ribbit


Innate Abilities, Weirdness & Mutations

You revert to your normal form in water.
You are very nimble and swift while swimming.
You are very stealthy in the water. (Stealth+)
You possess an exceptional clarity of mind.
Your flesh is heat resistant. (rF+)
You are resistant to hostile enchantments. (MR+)


Message History

A tree reaches out but misses you.
You puncture the slime creature! You tail-slap the slime creature.
The slime creature is severely wounded.
A tree reaches out and hits you!
* * * LOW HITPOINT WARNING * * *
You puncture the slime creature!
The slime creature is almost dead.
The slime creature closely misses you.
You puncture the slime creature!
You kill the slime creature!
A root smacks you from below.
* * * LOW HITPOINT WARNING * * *
You feel better.
You are hit by a branch!
* * * LOW HITPOINT WARNING * * *
The spriggan druid splashes around in the water.
As you read the scroll of fear, it crumbles to dust.
You assume a fearsome visage.
The spriggan druid looks frightened!
You feel roots moving beneath the ground.
A tree reaches out and hits you!
You die...

♣♣♣ ♣≈[≈..≈..♣♣♣♣♣
♣♣♣♣♣ ♣§.≈....≈...≈♣
≈≈..♣♣♣♣♣≈(.≈.≈..≈.≈.♣
.≈.....♣..≈.≈≈≈≈.....♣
§.≈≈♣.≈.....≈≈≈...≈♣≈♣
.≈.≈≈≈†≈.≈≈.≈≈≈...♣♣♣♣
♣♣..≈≈≈†.♣≈≈≈.♣§≈♣♣♣
.....≈≈.≈♣≈.≈♣♣♣.≈.♣
≈...♣.≈.♣♣.≈≈♣♣♣@≈.♣
≈....≈≈≈♣♣...♣≈>i..♣
≈......≈♣♣♣♣....≈≈♣♣
≈≈......♣♣...§.≈♣♣♣
..P.P..≈♣.≈≈≈≈≈...♣♣
P...≈.P..≈≈≈≈≈≈....♣
P.≈≈.§P..≈≈≈≈≈≈≈≈.≈♣♣
.≈≈≈≈≈≈..≈≈≈≈≈≈≈...[♣
≈≈≈≈≈≈.P.≈≈≈≈≈≈≈.≈<.♣♣


You could see a spriggan druid (fleeing).

Vanquished Creatures
  Nikola (Swamp:1)
  2 thorn hunters
  2 orc warlords
  A dire elephant (Lair:3)
  Snorg (D:10)
  2 ettins
  Josephine (D:12)
  11 hydras
  The ghost of Nicoed the Cleaver, a journeyman HOFi of Beogh (Orc:2)
  Erica (D:8)
  Fannar (Orc:1)
  A catoblepas (Lair:4)
  A merfolk avatar (Lair:6)
  A ghost crab (Swamp:4)
  An alligator (Swamp:2)
  5 death yaks
  3 orc high priests
  3 unseen horrors
  A sea snake (Lair:6)
  4 swamp dragons
  A lindwurm (shapeshifter) (D:13)
  6 hill giants
  The ghost of slayr the Thaumaturge, a novice DEWz of Sif Muna (D:8)
  2 shambling mangroves
  5 orc knights
  An orb spider (shapeshifter) (D:13)
  A deep elf mage (D:12)
  2 orc sorcerers (Orc:1)
  A wolf spider (D:15)
  An ugly thing (D:11)
  30 elephants
  6 manticores
  2 rust devils (D:10)
  A centaur zombie (D:15)
  2 black mambas
  A gargoyle (D:11)
  2 torpor snails
  15 spiny frogs
  7 komodo dragons (Lair:6)
  4 rime drakes (Lair:6)
  8 trolls
  3 meliai (D:15)
  3 tyrant leeches (Swamp:2)
  3 two-headed ogres
  A raiju (shapeshifter) (D:12)
  4 polar bears (Lair:6)
  A wind drake (Lair:6)
  6 bog bodies
  8 hornets
  A blink frog (Lair:1)
  15 slime creatures
  7 dream sheep
  12 hippogriffs
  3 spriggans
  A shadow (Swamp:3)
  9 wyverns
  A yak (shapeshifter) (D:15)
  2 vampires
  7 wraiths
  A basilisk (Lair:2)
  29 yaks
  13 vampire mosquitoes
  2 hungry ghosts
  A steam dragon (Lair:4)
  8 insubstantial wisps
  The ghost of Mesmaeker13 the Caller, an amateur MfSu (D:3)
  2 nagas (Lair:4)
  A soldier ant (D:13)
  14 swamp worms
  8 wargs
  10 water moccasins
  10 porcupines
  A hornet zombie (D:15)
  A black bear (D:12)
  26 orc warriors
  5 ice beasts
  3 swamp drakes
  3 necrophages (Lair:5)
  2 sky beasts
  6 phantoms
  An eye of draining (D:11)
  9 centaurs
  4 wolves (D:8)
  12 ogres
  10 crocodiles
  6 big kobolds
  Blork the orc (D:6)
  19 bullfrogs
  A scorpion (D:13)
  19 killer bees
  12 wights
  2 electric eels
  A howler monkey (D:11)
  10 crimson imps
  6 hounds
  6 jellies
  A bullfrog zombie (D:9)
  8 orc priests
  2 bullfrog skeletons
  8 centaur skeletons
  3 iguanas
  29 orc wizards
  9 worker ants
  A worker ant zombie (D:9)
  11 adders
  A river rat (D:9)
  4 shadow imps
  3 oozes (Lair:6)
  3 adder skeletons
  6 worms
  7 dart slugs
  3 leopard geckos
  88 orcs
  4 giant cockroaches
  3 goblins
  4 hobgoblins
  10 jackals
  3 quokkas
  2 ball pythons
  5 bats
  5 frilled lizards
  27 kobolds
  9 rats
  3 fungi
  2 plants
760 creatures vanquished.

Vanquished Creatures (collateral kills)
  Gastronok (Lair:2)
  A dire elephant (D:15)
  5 hydras
  2 centaur warriors
  An orc high priest (Orc:2)
  An iron troll (D:13)
  A spriggan druid (Swamp:3)
  2 shambling mangroves (Swamp:2)
  A harpy (Lair:6)
  2 hill giants
  An ugly thing (D:15)
  The ghost of newuser the Ruffian, a novice DrTm of Makhleb (D:10)
  A cyclops (D:11)
  An oklob plant (Lair:4)
  An orc sorcerer (Orc:1)
  3 elephants
  5 spiny frogs
  A rime drake (shapeshifter) (D:13)
  2 polar bears (Lair:6)
  2 two-headed ogres
  A hornet (Swamp:3)
  A slime creature (Swamp:3)
  5 hippogriffs
  A dream sheep (Lair:5)
  A spriggan (Swamp:4)
  11 yaks
  2 wyverns (Lair:6)
  Grum (D:8)
  A vampire mosquito (Swamp:1)
  A water moccasin (Lair:6)
  A naga (Lair:4)
  4 swamp worms (Lair:2)
  A swamp drake (Swamp:2)
  4 orc warriors
  2 necrophages (Lair:5)
  3 ogres
  A centaur (D:6)
  2 crocodiles (Lair:2)
  A big kobold (D:10)
  3 bullfrogs
  2 killer bees
  3 wights
  A howler monkey (D:10)
  A bullfrog zombie (D:10)
  2 orc wizards
  2 jellies
  An iguana (D:4)
  A worker ant (D:4)
  2 adders (D:10)
  5 dart slugs
  4 orcs
  A giant cockroach (D:4)
  3 hobgoblins (D:2)
  A jackal (D:2)
  5 kobolds
  2 fungi
118 creatures vanquished.

Vanquished Creatures (others)
  A swamp dragon (Swamp:4)
  A steam dragon (Swamp:4)
  A swamp worm (Swamp:1)
  An orc (Orc:2)
  A kobold (D:13)
  91 fungi
  45 plants
141 creatures vanquished.

Grand Total: 1019 creatures vanquished

Notes
Turn   | Place    | Note
-------+----------+-------------------------------------------
     0 | D:1      | Mesmaeker13 the Merfolk Summoner began the quest for the Orb.
     0 | D:1      | Reached XP level 1. HP: 13/13 MP: 3/3
   464 | D:1      | Reached skill level 1 in Polearms
   520 | D:1      | Reached XP level 2. HP: 19/19 MP: 5/5
   779 | D:2      | Learned a level 2 spell: Call Imp
   811 | D:2      | Reached XP level 3. HP: 18/24 MP: 6/6
  1395 | D:3      | Noticed Mesmaeker13's ghost (amateur MfSu)
  1885 | D:3      | Reached XP level 4. HP: 16/30 MP: 5/7
  2273 | D:4      | Learned a level 3 spell: Call Canine Familiar
  2286 | D:4      | Noticed an ogre
  2297 | D:4      | Killed an ogre
  2297 | D:4      | Reached XP level 5. HP: 36/36 MP: 0/9
  2532 | D:4      | Noticed an ogre
  2543 | D:4      | Killed an ogre
  2543 | D:4      | Reached skill level 1 in Fighting
  2543 | D:4      | Reached skill level 5 in Summonings
  2623 | D:4      | Got a faintly glowing hand axe
  2624 | D:4      | Identified the +9 hand axe of Innocence {pain, +Fly rC+ MP+9 Dex+2} (You found it on level 4 of the Dungeon)
  2804 | D:4      | Found Rusk's Antique Weapon Emporium.
  2867 | D:4      | Found a shadowy altar of Dithmenos.
  2911 | D:4      | Reached XP level 6. HP: 40/43 MP: 10/10
  3518 | D:3      | Killed Mesmaeker13's ghost
  3679 | D:5      | Entered Level 5 of the Dungeon
  3686 | D:5      | Found a staircase to the Ecumenical Temple.
  3692 | Temple   | Entered the Ecumenical Temple
  3909 | Temple   | Became a worshipper of Ashenzari the Shackled
  3945 | D:5      | Reached skill level 1 in Armour
  4071 | D:5      | Reached XP level 7. HP: 43/52 MP: 12/12
  4583 | D:5      | Found a faded altar of an unknown god.
  4583 | D:5      | Found a faded altar of an unknown god.
  4588 | D:5      | Found a faded altar of an unknown god.
  4590 | D:5      | Found a faded altar of an unknown god.
  4592 | D:5      | Found a shimmering altar of Xom.
  4788 | D:6      | Noticed Prince Ribbit
  4927 | D:6      | Found a burning altar of Makhleb.
  4934 | D:6      | Reached XP level 8. HP: 36/61 MP: 13/13
  5107 | D:6      | Reached skill level 5 in Fighting
  5176 | D:6      | Noticed Blork the orc
  5186 | D:6      | Killed Blork the orc
  5345 | D:7      | Noticed a hippogriff
  5354 | D:7      | Noticed a hippogriff
  5355 | D:7      | Killed a hippogriff
  5361 | D:7      | Killed a hippogriff
  5381 | D:7      | Reached * piety under Ashenzari
  5417 | D:7      | Reached XP level 9. HP: 63/69 MP: 14/14
  6947 | D:7      | Reached skill level 5 in Armour
  7435 | D:8      | Noticed slayr's ghost (novice DEWz)
  7449 | D:8      | Noticed Erica
  7451 | D:8      | Killed slayr's ghost
  7451 | D:8      | Reached XP level 10. HP: 74/80 MP: 15/15
  7483 | D:8      | Noticed Grum
  7766 | D:8      | Learned a level 4 spell: Summon Ice Beast
  8204 | D:8      | Reached skill level 1 in Ice Magic
  8208 | D:8      | Killed Grum
  8305 | D:8      | Killed Erica
  8678 | D:8      | Noticed a moth of wrath
  8711 | D:8      | Found a bloodstained altar of Trog.
  8744 | D:8      | Got the hand axe "Fehay" {freeze, +Rage rPois Str+5 Stlth-}
  8749 | D:8      | Got the spear of Zetyshro {venom, rC+ Str+4 Int+2}
  8788 | D:8      | Identified the +8 spear of Zetyshro {venom, rC+ Str+4 Int+2} (You found it on level 8 of the Dungeon)
  8789 | D:8      | Identified the +7 hand axe "Fehay" {freeze, +Rage rPois Str+5 Stlth-} (You found it on level 8 of the Dungeon)
  9319 | D:9      | Reached ** piety under Ashenzari
  9323 | D:9      | Found a staircase to the Lair.
  9490 | D:9      | Paralysed by a hornet for 1 turns
  9673 | D:9      | Reached skill level 5 in Polearms
 10076 | D:9      | Found a staircase to the Orcish Mines.
 10357 | D:10     | Entered Level 10 of the Dungeon
 10381 | D:10     | Noticed a hill giant
 10392 | D:10     | Killed a hill giant
 10392 | D:10     | Reached XP level 11. HP: 89/89 MP: 13/16
 10410 | D:10     | Noticed Snorg
 10422 | D:10     | Killed Snorg
 10548 | D:10     | Reached skill level 5 in Ice Magic
 10621 | D:10     | Noticed a hill giant
 10634 | D:10     | Killed a hill giant
 10854 | D:10     | Noticed newuser's ghost (novice DrTm)
 10864 | D:10     | Killed newuser's ghost
 10864 | D:10     | Reached skill level 10 in Fighting
 11526 | Lair:1   | Entered Level 1 of the Lair of Beasts
 11526 | Lair:1   | Noticed a six-headed hydra
 11533 | Lair:1   | Killed a six-headed hydra
 11536 | Lair:1   | Noticed a five-headed hydra
 11544 | Lair:1   | Killed a five-headed hydra
 11556 | Lair:1   | Identified the +7 long sword "Ymevef" {elec, rF- MP+9 Str+9}
 11716 | Lair:1   | Reached *** piety under Ashenzari
 12147 | Lair:1   | Identified the +7 flail "Xiech" {crush, +Blink rPois Int-5 Stlth+}
 12177 | Lair:1   | Reached skill level 3 in Dodging
 12816 | Lair:2   | Reached XP level 12. HP: 99/99 MP: 17/17
 12835 | Lair:2   | Reached skill level 4 in Dodging
 12877 | Lair:2   | Noticed Gastronok
 12891 | Lair:2   | Killed Gastronok
 12956 | Lair:2   | Found a staircase to the Swamp.
 13513 | Lair:2   | Reached **** piety under Ashenzari
 14064 | Lair:3   | Reached skill level 5 in Dodging
 14707 | Lair:3   | Reached skill level 10 in Summonings
 14768 | Lair:3   | Reached skill level 6 in Dodging
 15459 | Lair:3   | Reached skill level 7 in Dodging
 15850 | Lair:4   | Noticed a death yak
 15963 | Lair:4   | Killed a death yak
 15963 | Lair:4   | Reached XP level 13. HP: 64/106 MP: 9/18
 16444 | Lair:4   | Reached skill level 8 in Dodging
 16468 | Lair:4   | Found a staircase to the Snake Pit.
 16830 | Lair:4   | Reached ***** piety under Ashenzari
 17771 | Lair:5   | Reached skill level 9 in Dodging
 18468 | Lair:6   | Entered Level 6 of the Lair of Beasts
 19110 | Lair:6   | Learned a level 4 spell: Summon Lightning Spire
 19263 | Lair:6   | Found a staircase to the Slime Pits.
 19381 | Lair:6   | Reached skill level 10 in Dodging
 19434 | Lair:6   | Reached skill level 1 in Air Magic
 19740 | Lair:6   | Reached XP level 14. HP: 98/115 MP: 10/19
 20138 | Lair:6   | Reached skill level 11 in Dodging
 20777 | Lair:6   | Identified the cursed +1 war axe of the Lettuce {vamp, *Corrode +Blink rPois MR+}
 21185 | Lair:3   | Noticed a dire elephant
 21216 | Lair:3   | Killed a dire elephant
 21318 | Lair:1   | Learned a level 3 spell: Summon Guardian Golem
 21457 | Orc:1    | Entered Level 1 of the Orcish Mines
 21879 | Orc:1    | Found Assoesow's Weapon Shop.
 22120 | Orc:2    | Entered Level 2 of the Orcish Mines
 22135 | Orc:2    | Noticed an orc warlord
 22431 | Orc:2    | Found Kiqig's General Store.
 22620 | Orc:1    | Killed an orc warlord
 23451 | Orc:2    | Noticed Nicoed's ghost (journeyman HOFi)
 24441 | Orc:2    | Killed Nicoed's ghost
 24595 | Orc:1    | Noticed Fannar
 25013 | D:11     | Reached skill level 12 in Dodging
 25598 | D:11     | Reached XP level 15. HP: 112/123 MP: 18/20
 26339 | D:12     | Got the cursed pair of boots of the Hidden Wonders {+Blink rF+}
 26350 | D:12     | Identified the cursed -1 pair of boots of the Hidden Wonders {+Blink rF+} (You found it on level 12 of the Dungeon)
 26612 | D:12     | Noticed Josephine
 26625 | D:12     | Killed Josephine
 27420 | D:12     | Reached skill level 5 in Air Magic
 28376 | D:13     | Found a radiant altar of Vehumet.
 29323 | D:12     | Reached skill level 13 in Dodging
 29978 | D:9      | Noticed an orc warlord
 30280 | D:9      | Killed an orc warlord
 30722 | Orc:2    | Bought a scroll of teleportation for 36 gold pieces
 30722 | Orc:2    | Bought a scroll of teleportation for 36 gold pieces
 30727 | Orc:2    | Found Baseydok's Antique Weapon Shoppe.
 30749 | Orc:2    | Found Afreidyura's Antique Armour Emporium.
 30787 | Orc:2    | Found Wyn Wodwis's Antique Armour Shop.
 30800 | Orc:2    | Bought a pair of pitted gloves for 266 gold pieces
 30810 | Orc:2    | Identified the cursed +0 pair of gloves "Ivavvuch" {+Fly rPois MR+ Dex+2} (You bought it in a shop on level 2 of the Orcish Mines)
 30859 | Orc:2    | Found a roughly hewn altar of Beogh.
 30868 | Orc:2    | Bought a shiny helmet for 325 gold pieces
 31418 | Orc:2    | Found a staircase to the Elven Halls.
 31432 | Orc:2    | Found Ytruax Juda's Book Shoppe.
 31852 | Orc:1    | Killed Fannar
 32287 | D:13     | Found a gate to the Vaults.
 32412 | D:14     | Reached skill level 10 in Polearms
 32424 | D:14     | Reached ****** piety under Ashenzari
 33727 | D:14     | Found a sacrificial altar of Ru.
 34025 | D:15     | Entered Level 15 of the Dungeon
 34286 | D:15     | Found a staircase to the Depths.
 34771 | D:15     | Reached XP level 16. HP: 133/133 MP: 18/22
 35121 | D:15     | Found a portal to a secret trove of treasure.
 35797 | Swamp:1  | Entered Level 1 of the Swamp
 35812 | Swamp:1  | Noticed Nikola
 35943 | Swamp:1  | Killed Nikola
 36233 | Swamp:1  | Reached skill level 14 in Dodging
 37874 | Swamp:2  | Learned a level 6 spell: Shadow Creatures
 37971 | Swamp:3  | Noticed a thorn hunter
 37994 | Swamp:2  | Killed a thorn hunter
 38596 | Swamp:3  | Gained mutation: You are resistant to hostile enchantments. (MR+) [potion of mutation]
 38596 | Swamp:3  | Gained mutation: Your flesh is heat resistant. (rF+) [potion of mutation]
 38596 | Swamp:3  | Gained mutation: You possess an exceptional clarity of mind. [potion of mutation]
 38656 | Swamp:3  | Noticed a thorn hunter
 39131 | Swamp:3  | Killed a thorn hunter
 39546 | Swamp:4  | Entered Level 4 of the Swamp
 39568 | Swamp:4  | Reached skill level 15 in Dodging
 39599 | Swamp:3  | Killed from afar by a spriggan druid

Skill      XL: |  1  2  3  4  5  6  7  8  9 10 11 12 13 14 15 16 |
---------------+-------------------------------------------------+-----
Polearms       | 1 2 3 4 6 8 10 12 | 12.6
Fighting       | 1 3 4 6 8 9 10 11 12 13 14 | 14.0
Spellcasting   | 3 4 |  4.0
Summonings     | 5 6 7 8 9 10 11 12 13 14 | 14.3
Armour         | 1 2 4 5 6 7 8 9 |  9.9
Ice Magic      | 4 7 8 9 |  9.0
Dodging        | 3 7 10 12 13 15 | 15.0
Air Magic      | 1 4 5 6 |  6.2
Stealth        | |  2.1

Action                   |  1- 3 |  4- 6 |  7- 9 | 10-12 | 13-15 | 16-18 || total
-------------------------+-------+-------+-------+-------+-------+-------++-------
Melee: Spear             |   188 |    29 |       |   774 |  2089 |   706 ||  3786
       Hand axe          |       |    72 |   262 |    87 |       |       ||   421
       Tailslap          |       |       |       |     5 |    30 |    39 ||    74
       Trident           |       |       |       |       |   257 |       ||   257
Throw: Throwing net      |       |       |       |       |     1 |       ||     1
 Cast: Summon Small Mamm |    12 |     3 |       |       |     1 |       ||    16
       Call Imp          |     4 |     9 |     7 |     7 |       |       ||    27
       Call Canine Famil |       |     4 |     6 |    35 |    68 |     2 ||   115
       Summon Ice Beast  |       |       |       |    19 |    64 |     6 ||    89
       Summon Lightning  |       |       |       |       |    14 |    33 ||    47
       Shadow Creatures  |       |       |       |       |       |     1 ||     1
Invok: Curse Item        |       |       |     1 |     1 |     2 |       ||     4
Evoke: Wand              |       |       |     4 |     9 |    12 |     3 ||    28
  Use: Scroll            |     2 |     1 |     9 |     9 |    35 |     4 ||    60
       Potion            |       |       |     2 |    10 |    12 |     6 ||    30
 Stab: Sleeping          |     4 |     1 |       |     2 |     5 |     1 ||    13
       Distracted        |       |     2 |     1 |     5 |    14 |    10 ||    32
       Petrifying        |       |       |       |       |     1 |       ||     1
       Held in net/web   |       |       |       |       |     1 |       ||     1
  Eat: Bread ration      |     1 |     1 |       |     3 |     4 |     2 ||    11
       Chunk             |     1 |     2 |    12 |    21 |    66 |    14 ||   116
       Meat ration       |       |       |     1 |       |       |       ||     1
       Beef jerky        |       |       |       |       |     1 |       ||     1
       Fruit             |       |       |       |       |       |     2 ||     2
Armor: Robe              |    59 |     3 |       |       |       |       ||    62
       Ring mail         |       |    29 |   120 |   171 |   371 |   155 ||   846
       Skin              |       |       |     3 |       |       |       ||     3
Dodge: Dodged            |   115 |    49 |   253 |   361 |  1343 |   542 ||  2663
